 Dungeon Crawl Stone Soup version 0.26-a0-665-gefeb406119 (webtiles) character file.

Game seed: 9867490269580108019

121934 jasper the Thaumaturge (level 16, -1/86 HPs)
             Began as a Vine Stalker Ice Elementalist on Oct 15, 2020.
             Was the Champion of Kikubaaqudgha.
             Slain by an ettin simulacrum (15 damage)
             ... in an ice cave.
             The game lasted 01:29:00 (32118 turns).

jasper the Thaumaturge (VSIE)                      Turns: 32118, Time: 01:29:01

Health: -1/86      AC: 14    Str: 15    XL:     16   Next: 86%
Magic:  0/35       EV: 17    Int: 29    God:    Kikubaaqudgha [******]
Gold:   1452       SH:  8    Dex: 21    Spells: 5/43 levels left

rFire    . . .     SeeInvis .   Y - +7 demon blade (pain)
rCold    + . .     Faith    .   S - +2 buckler
rNeg     + + .     Spirit   +   J - +1 ring mail of Degewal {rPois rF+ Str+3}
rPois    +         Reflect  .   f - +1 hat {Int+3}
rElec    .         Harm     .   K - +1 cloak of the Barnacle {*Slow rN+ Dex+2}
rCorr    .         Rampage  .   c - +0 pair of gloves of the Bull {Regen+}
MR       ++...                  E - +2 pair of boots {run}
Stlth    ++........             V - amulet of regeneration
HPRegen  1.84/turn              W - ring of ice
MPRegen  0.24/turn              D - ring of Toabaedgh {*Slow rN+ Int+6 Dex+3 Slay+2}

@: studying Necromancy, quick
A: fangs 3, regeneration 2, magic shield, antimagic bite, no potion heal 3, rot
immunity
a: Receive Corpses, Torment, Renounce Religion


You were in an ice cave.
You worshipped Kikubaaqudgha.
Kikubaaqudgha was exalted by your worship.
You visited 5 branches of the dungeon, and saw 25 of its levels.
You also visited: Trove and Ice Cave.

You collected 2849 gold pieces.
You spent 1397 gold pieces at shops.

Inventory:

Hand Weapons
 Y - a +7 demon blade of pain (weapon)
Missiles
 s - a throwing net
 G - 3 curare-tipped darts (quivered)
Armour
 a - a +0 troll leather armour
 c - the +0 pair of gloves of the Bull (worn) {Regen+}
   (You found it on level 6 of the Lair of Beasts)

   It increases your rate of regeneration.
 f - a +1 hat of intelligence (worn)
 E - a +2 pair of boots of running (worn)
 J - the +1 ring mail of Degewal (worn) {rPois rF+ Str+3}
   (You found it on level 5 of the Dungeon)

   It affects your strength (+3).
   It protects you from fire.
   It protects you from poison.
 K - the +1 cloak of the Barnacle (worn) {*Slow rN+ Dex+2}
   (You found it on level 14 of the Dungeon)

   It affects your dexterity (+2).
   It protects you from negative energy.
   It may slow you when you take damage.
 S - a +2 buckler (worn)
Jewellery
 r - an uncursed ring of protection from fire
 t - an uncursed ring of flight
 D - the ring of Toabaedgh (right hand) {*Slow rN+ Int+6 Dex+3 Slay+2}
   (You bought it in a shop on level 2 of the Orcish Mines)

   [ring of positive energy]

   It affects your intelligence (+6).
   It affects your dexterity (+3).
   It affects your accuracy and damage with ranged weapons and melee attacks
   (+2).
   It protects you from negative energy.
   It may slow you when you take damage.
 T - an uncursed ring of protection from magic
 V - an amulet of regeneration (around neck)
 W - a ring of ice (left hand)
Wands
 d - a wand of iceblast (17)
 v - a wand of enslavement (11)
 y - a wand of polymorph (10)
 B - a wand of flame (71)
 C - a wand of digging (18)
 M - a wand of paralysis (26)
 O - a wand of disintegration (10)
 X - a wand of acid (2)
Scrolls
 b - 16 scrolls of teleportation
 g - 6 scrolls of enchant armour
 h - a scroll of amnesia
 j - 6 scrolls of remove curse
 n - 3 scrolls of magic mapping
 x - 7 scrolls of fog
 I - 4 scrolls of fear
 L - 2 scrolls of vulnerability
 Q - 4 scrolls of immolation
 R - 3 scrolls of holy word
 Z - a scroll of blinking
Potions
 e - 12 potions of curing
 i - a potion of invisibility
 l - a potion of berserk rage
 m - 8 potions of lignification
 o - 6 potions of stabbing
 p - 2 potions of mutation
 q - 4 potions of haste
 w - 3 potions of brilliance
 A - 3 potions of cancellation
 F - 7 potions of might
 N - 6 potions of ambrosia
 P - 7 potions of resistance
 U - a potion of flight
Books
 u - a manual of Necromancy
Miscellaneous
 k - a box of beasts (3/3)
 z - a tin of tremorstones (inert)
 H - a phantom mirror (inert)


   Skills:
 + Level 10.4 Fighting
 - Level 8.0 Long Blades
 - Level 3.0 Armour
 + Level 8.7 Dodging
 - Level 2.4 Stealth
 - Level 4.3 Shields
 + Level 14.2 Spellcasting
 - Level 3.0 Conjurations
 - Level 5.0 Hexes
 + Level 11.8 Necromancy
 - Level 4.0 Translocations
 * Level 13.5 Ice Magic
 - Level 3.0 Air Magic
 - Level 2.0 Earth Magic
 - Level 3.0 Poison Magic


You had 5 spell levels left.
You knew the following spells:

 Your Spells              Type           Power        Failure   Level
a - Borgnjor's Vile Clut  Necr/Erth      ######....   8%          5
b - Frozen Ramparts       Ice            ######       1%          3
c - Ozocubu's Armour      Ice            #######.     1%          3
d - Blink                 Tloc           N/A          1%          2
e - Tukima's Dance        Hex            #####...     1%          3
f - Sublimation of Blood  Necr           ######....   1%          2
g - Mephitic Cloud        Conj/Pois/Air  #####...     4%          3
h - Swiftness             Air            #####...     1%          2
i - Animate Dead          Necr           ######....   1%          4
j - Dispel Undead         Necr           ######..     1%          4
k - Apportation           Tloc           #####.       1%          1
l - Ozocubu's Refrigerat  Ice            #######...   2%          6

Your spell library contained the following spells:

 Spells                   Type           Power        Failure   Level
 Animate Skeleton         Necr           ######       1%          1
 Corona                   Hex            #####..      1%          1
 Freeze                   Ice            ####         1%          1
 Magic Dart               Conj           ####         1%          1
 Pain                     Necr           ####         1%          1
 Shock                    Conj/Air       ####         1%          1
 Corpse Rot               Necr/Air       N/A          1%          2
 Ensorcelled Hibernation  Hex/Ice        ######       1%          2
 Poisonous Vapours        Pois/Air       #####.       1%          2
 Searing Ray              Conj           #####.       1%          2
 Slow                     Hex            #####...     1%          2
 Confusing Touch          Hex            #####...     1%          3
 Vampiric Draining        Necr           ######....   1%          3
 Hailstorm                Conj/Ice       #######.     1%          4
 Agony                    Necr           ######..     1%          5
 Excruciating Wounds      Necr           ######....   1%          5
 Foxfire                  Conj/Fire      ####         2%          1
 Sting                    Tmut/Pois      ####         2%          1
 Dazzling Flash           Conj/Hex       #####.       2%          3
 Lesser Beckoning         Tloc           #####.....   2%          3
 Ice Form                 Ice/Tmut       ######..     2%          4
 Summon Ice Beast         Ice/Summ       ######..     2%          4
 Metabolic Englaciation   Hex/Ice        #######...   2%          5
 Static Discharge         Conj/Air       #####...     4%          3
 Cause Fear               Hex            #####.....   6%          4
 Call Imp                 Summ           ###.....     7%          2
 Wereblood                Tmut           ###.....     7%          2
 Conjure Flame            Conj/Fire      ####....     8%          3
 Ignite Poison            Fire/Tmut/Pois ####....     10%         3
 Leda's Liquefaction      Hex/Erth       #####.....   11%         4
 Airstrike                Air            #####.....   14%         4
 Olgreb's Toxic Radiance  Pois           #####...     14%         4
 Silence                  Hex/Air        #####.....   26%         5
 Iskenderun's Battlesphe  Conj           #####...     36%         5
 Lightning Bolt           Conj/Air       #####.....   36%         5
 Bolt of Magma            Conj/Fire/Erth ####......   54%         5
 Alistair's Intoxication  Tmut/Pois      ####.....    56%         5
 Irradiate                Conj/Tmut      ####......   56%         5
 Simulacrum               Ice/Necr       #######...   3%          6
 Death Channel            Necr           ######....   5%          6
 Freezing Cloud           Conj/Ice/Air   ######....   43%         6
 Invisibility             Hex            #####...     67%         6
 Conjure Ball Lightning   Conj/Air       #####.....   91%         6
 Iron Shot                Conj/Erth      #####.....   95%         6
 Starburst                Conj/Fire      ####......   98%         6
 Statue Form              Tmut/Erth      ####.....    99%         6
 Orb of Destruction       Conj           #####.....   100%        7
 Spellforged Servitor     Conj/Summ      ####......   100%        7
 Fire Storm               Conj/Fire      ####......   100%        9
 Shatter                  Erth           ####......   100%        9


Dungeon Overview and Level Annotations

Branches:
Dungeon (15/15)            Temple (1/1) D:5            Lair (6/6) D:8
  Swamp (0/4) Lair:2        Snake (1/4) Lair:2        Slime (0/5) Lair:5
    Orc (2/2) D:12            Elf (0/3) Orc:2        Vaults (0/5) D:13
 Depths (0/5) D:15          IceCv (1/1)

Altars:
Ashenzari
Cheibriados
Dithmenos
Elyvilon
Fedhas
Gozag
Hepliaklqana
Kikubaaqudgha
Makhleb
Nemelex Xobeh
Okawaru
Qazlal
Ru
Sif Muna
Trog
Uskayaw
Vehumet
Wu Jian
Xom
Yredelemnul
Zin
The Shining One
Beogh
Jiyva

Shops:
D:10 (}(*(   Orc:1 (   Orc:2 }=?!

Annotations:
D:5 2 transporters, jfcaron's ghost, weakling HODe
D:14 1 transporter
Lair:1 Harold
Lair:3 exclusion: 2 oklob plants


Innate Abilities, Weirdness & Mutations

You have razor-sharp teeth.
You heal very quickly.
When hurt, damage is shared between your health and your magic reserves.
Your bite disrupts and absorbs the magic of your enemies.
Potions cannot restore your health.
You are immune to rotting.


Message History

The acid corrodes the blizzard demon!
The blizzard demon is moderately wounded.
Your surroundings suddenly seem different.
An ettin simulacrum comes into view.
Found six items.
You regained 2 hp, and now have 17/86 hp.
Unknown command.
Unknown command.
You see here a pair of embroidered gloves.
You see here a ring of ice.
You regained 2 hp, and now have 20/86 hp.
You see here a faintly humming cloak.
You regained 2 hp, and now have 22/86 hp.
Okay, then.
You see here a ring of ice.
The ettin simulacrum hits you!
* * * LOW HITPOINT WARNING * * *
The ettin simulacrum freezes you! You resist.
You die...
Kikubaaqudgha rasps: "You have failed me!
Welcome... death!"

##### ##[=[#
#.##@:#
####Z2.#Z=#
#
#.#2ZZ.#$[#
.##
##2#.Z2...##
#.# ##.#..#
#.#. ..#
#.##.## ## .
..##
##Z##### .
...##
##.#..## .#
....#
#☼○#...#


You could see an ettin simulacrum.

Vanquished Creatures
  2 dire elephants
  Snorg (D:11)
  2 ettins
  5 vault guards
  3 boulder beetles
  12 hydras
  A catoblepas (Lair:5)
  A naga warrior (Snake:1)
  2 centaur warriors
  4 two-headed ogres
  An alligator (Lair:6)
  An orc high priest (Orc:2)
  A naga sharpshooter (Snake:1)
  Sonja (Lair:4)
  7 skeletal warriors
  A salamander mystic (Snake:1)
  A fire crab (shapeshifter) (D:13)
  2 unseen horrors
  A naga ritualist (Snake:1)
  A harpy (shapeshifter) (D:14)
  A necromancer (D:12)
  2 orc knights (Orc:2)
  2 wolf spiders
  3 deep elf magi
  A wolf spider zombie (D:13)
  4 cyclopes
  7 orc sorcerers (Orc:2)
  3 salamanders (Snake:1)
  2 manticores (D:14)
  9 ugly things
  5 elephants (Lair:6)
  2 guardian serpents
  16 black mambas
  3 torpor snails
  An ice statue (IceCv)
  2 gargoyles
  18 cane toads
  5 rime drakes
  A rime drake (shapeshifter) (D:15)
  12 komodo dragons
  2 golden dragon simulacra (IceCv)
  4 anaconda simulacra (IceCv)
  6 freezing wraiths (IceCv)
  6 ice devils (IceCv)
  A merfolk (D:15)
  3 meliai (D:14)
  4 trolls
  11 polar bears
  A queen bee (D:9)
  Prince Ribbit (D:5)
  2 hornets (Lair:6)
  4 blink frogs (Lair:4)
  2 raiju (Lair:6)
  7 slime creatures
  4 dream sheep (Lair:3)
  3 redbacks (Lair:6)
  4 shadows
  13 wyverns
  A dire elephant simulacrum (IceCv)
  4 basilisks
  34 yaks
  Grum (D:10)
  7 humans (D:13)
  4 iron troll simulacra (IceCv)
  7 wargs
  Menkaure (D:7)
  8 vampire mosquitoes
  5 nagas
  3 hydra simulacra (IceCv)
  13 hell hounds (Lair:6)
  2 acid dragons
  37 water moccasins
  2 ice beasts
  16 black bears
  A hornet zombie (D:14)
  2 sky beasts
  37 orc warriors
  A phantom (D:7)
  An ettin simulacrum (IceCv)
  2 eyes of draining
  26 wolves
  10 ogres
  21 centaurs
  A big kobold (D:8)
  A gnoll sergeant (D:9)
  18 bullfrogs
  7 scorpions
  29 killer bees
  4 wights (D:12)
  5 howler monkeys
  An electric eel (Lair:6)
  2 bullfrog zombies (D:12)
  2 draconian simulacra (IceCv)
  5 centaur zombies
  A quasit (D:15)
  25 orc priests
  2 jellies
  2 bullfrog skeletons (D:12)
  4 hounds
  Crazy Yiuf (D:7)
  6 iguanas
  8 centaur skeletons
  9 worker ants
  Natasha (D:3)
  49 orc wizards
  A spriggan simulacrum (IceCv)
  2 yak simulacra (D:12)
  7 polar bear simulacra (D:12)
  2 troll simulacra (IceCv)
  A wolf simulacrum (D:12)
  3 centaur simulacra (IceCv)
  2 hound zombies
  A howler monkey zombie (D:9)
  8 gnolls
  10 adders
  4 naga simulacra (IceCv)
  2 ogre simulacra (IceCv)
  7 white imps
  10 ufetubi
  3 oozes
  An adder skeleton (D:9)
  4 dart slugs
  3 worms (D:2)
  3 leopard geckos
  94 orcs
  4 giant cockroaches
  9 goblins
  12 hobgoblins
  8 quokkas
  A ball python (D:2)
  6 bats
  4 frilled lizards
  13 kobolds
  A leopard gecko skeleton (D:4)
  A quokka skeleton (D:4)
  9 rats
  A river rat simulacrum (D:12)
893 creatures vanquished.

Vanquished Creatures (collateral kills)
  Jorgrun (D:12)
  Gastronok (Lair:3)
  Fannar (Lair:3)
  4 hydras
  An orc high priest (Orc:2)
  A gargoyle (D:13)
  A komodo dragon (Lair:3)
  A polar bear (Lair:3)
  A naga (Lair:2)
  An orc warrior (D:13)
  An orc priest (D:13)
  3 orcs
17 creatures vanquished.

Vanquished Creatures (others)
  A vault guard (D:13)
  An efreet (D:13)
  A water moccasin (Lair:5)
  An orc priest (D:13)
  68 fungi
  116 plants
  6 toadstools (D:5)
194 creatures vanquished.

Grand Total: 1104 creatures vanquished

Notes
Turn   | Place    | Note
-------+----------+-------------------------------------------
     0 | D:1      | jasper the Vine Stalker Ice Elementalist began the quest
                  | for the Orb.
     0 | D:1      | Reached XP level 1. HP: 9/9 MP: 4/4
   306 | D:1      | Reached XP level 2. HP: 9/14 MP: 0/6
   873 | D:1      | Reached XP level 3. HP: 17/17 MP: 2/7
   878 | D:1      | Learned a level 3 spell: Frozen Ramparts
   882 | D:1      | Learned a level 3 spell: Ozocubu's Armour
   994 | D:1      | Reached skill level 1 in Fighting
  1672 | D:2      | Found a sacrificial altar of Ru.
  1864 | D:2      | Gained mutation: Your natural rate of healing is unusually
                  | fast. [Vine Stalker growth]
  1864 | D:2      | Reached XP level 4. HP: 16/22 MP: 7/9
  2170 | D:2      | Reached skill level 3 in Spellcasting
  2170 | D:2      | Reached skill level 5 in Ice Magic
  2332 | D:2      | Reached XP level 5. HP: 24/26 MP: 5/10
  2973 | D:3      | Learned a level 2 spell: Blink
  3124 | D:3      | You fall into a shaft and drop 2 floors!
  3124 | D:5      | Entered Level 5 of the Dungeon
  3131 | D:5      | Reached XP level 6. HP: 20/32 MP: 1/12
  3211 | D:5      | Learned a level 3 spell: Tukima's Dance
  3223 | D:5      | Got a faintly glowing ring mail
  3302 | D:4      | Reached skill level 4 in Spellcasting
  3422 | D:3      | Found a shimmering blue altar of Sif Muna.
  3504 | D:4      | Reached skill level 1 in Hexes
  3504 | D:4      | Reached skill level 1 in Translocations
  3610 | D:3      | Noticed Natasha
  3616 | D:3      | Killed Natasha
  3616 | D:3      | Reached XP level 7. HP: 32/35 MP: 6/14
  4034 | D:3      | Identified the +1 ring mail of Degewal {rPois rF+ Str+3}
                  | (You found it on level 5 of the Dungeon)
  4772 | D:5      | Noticed Prince Ribbit
  4786 | D:5      | Killed Prince Ribbit
  4816 | D:5      | Noticed a hornet
  4825 | D:5      | Noticed jfcaron's ghost (weakling HODe)
  4852 | D:5      | Found a staircase to the Ecumenical Temple.
  4917 | Temple   | Entered the Ecumenical Temple
  5318 | D:5      | Found a transporter.
  5322 | D:5      | Found a transporter.
  5503 | D:6      | Gained mutation: You have razor-sharp teeth. [Vine Stalker
                  | growth]
  5503 | D:6      | Reached XP level 8. HP: 25/40 MP: 15/15
  5791 | D:6      | Found an iron altar of Okawaru.
  5791 | D:6      | Found an ancient bone altar of Kikubaaqudgha.
  5795 | D:6      | Became a worshipper of Kikubaaqudgha
  6100 | D:6      | Found a hide-covered altar of Uskayaw.
  6107 | D:6      | Reached skill level 5 in Hexes
  6206 | D:7      | Noticed Menkaure
  6246 | D:7      | Reached skill level 1 in Shields
  6251 | D:7      | Killed Menkaure
  6361 | D:7      | Reached XP level 9. HP: 45/45 MP: 4/16
  6450 | D:7      | Reached skill level 1 in Necromancy
  6621 | D:7      | Reached * piety under Kikubaaqudgha
  6621 | D:7      | Identified Kikubaaqudgha's Disquisition on Stolen Souls
                  | (Kikubaaqudgha gifted it to you on level 7 of the Dungeon)
  6621 | D:7      | Received a gift from Kikubaaqudgha
  6762 | D:7      | Found a hazy altar of Hepliaklqana.
  6816 | D:7      | Found a runed translucent door.
  6817 | D:7      | Noticed Crazy Yiuf
  7200 | D:7      | Killed Crazy Yiuf
  7290 | D:8      | Found a staircase to the Lair.
  7387 | D:7      | Learned a level 2 spell: Sublimation of Blood
  7430 | D:7      | HP: 2/46 [orc warrior/+0 dire flail (20)]
  7687 | D:8      | Reached skill level 5 in Fighting
  7698 | D:7      | Reached XP level 10. HP: 31/51 MP: 17/17
  7738 | D:7      | Learned a level 3 spell: Mephitic Cloud
  7773 | D:7      | Reached skill level 1 in Conjurations
  7773 | D:7      | Reached skill level 1 in Air Magic
  7773 | D:7      | Reached skill level 1 in Poison Magic
  7997 | D:8      | Found a hazy altar of Hepliaklqana.
  8108 | D:8      | Found a stormy altar of Qazlal.
  8175 | D:8      | Found a bloodstained altar of Trog.
  8258 | D:8      | Found a bloodstained altar of Trog.
  8375 | D:9      | Reached ** piety under Kikubaaqudgha
  8686 | D:9      | Found a glowing golden altar of the Shining One.
  8879 | D:9      | Reached skill level 5 in Necromancy
  9006 | D:9      | Noticed a two-headed ogre
  9018 | D:9      | Killed a two-headed ogre
  9109 | D:9      | Found a broken altar of Ashenzari.
  9159 | D:9      | Reached XP level 11. HP: 55/56 MP: 14/18
  9451 | D:9      | Reached *** piety under Kikubaaqudgha
  9451 | D:9      | Identified Kikubaaqudgha's Disquisition on Sinister Rituals
                  | (Kikubaaqudgha gifted it to you on level 9 of the Dungeon)
  9451 | D:9      | Received a gift from Kikubaaqudgha
  9633 | D:9      | Reached skill level 5 in Spellcasting
  9836 | D:9      | Found a shadowy altar of Dithmenos.
  9901 | D:10     | Entered Level 10 of the Dungeon
  9959 | D:10     | Found Ledeliekh's Assorted Antiques.
  9962 | D:10     | Bought a scroll labeled MIZOBLAYREO for 23 gold pieces
  9962 | D:10     | Bought a scroll labeled EMEYDW ZOTA for 23 gold pieces
  9962 | D:10     | Bought a grey potion for 20 gold pieces
  9962 | D:10     | Bought a scroll of identify for 46 gold pieces
  9962 | D:10     | Bought a scroll of identify for 46 gold pieces
  9962 | D:10     | Bought 2 bubbling golden potions for 41 gold pieces
  9962 | D:10     | Bought 2 red potions for 41 gold pieces
  9962 | D:10     | Bought a scroll of teleportation for 69 gold pieces
 10059 | D:10     | Found Veim's Antique Weapon Shop.
 10088 | D:10     | Noticed a vault guard
 10102 | D:10     | Killed a vault guard
 10106 | D:10     | Found a portal to a secret trove of treasure.
 10123 | Trove    | Entered a treasure trove
 10207 | Trove    | Identified Sif Muna's Tome of Enthralling Necromancy
 10225 | Trove    | Identified Sif Muna's Compendium of Attacks and Feathers
 10228 | Trove    | Identified the Almanac of the Death Scarab
 10234 | Trove    | Identified Sif Muna's Papyrus of Fascination and Arcane
                  | Weapons
 10264 | Trove    | Identified Taisach's Primer on Casting
 10272 | Trove    | Learned a level 2 spell: Swiftness
 10352 | D:10     | Found Wiluzaops's Weapon Shop.
 10445 | D:10     | Found Eminluong's Weapon Shop.
 10495 | D:10     | Noticed Grum
 10507 | D:10     | Killed Grum
 10767 | D:10     | Found Inwat's Gadget Emporium.
 10993 | D:11     | Reached skill level 6 in Spellcasting
 11260 | D:11     | Noticed Snorg
 11757 | Lair:1   | Entered Level 1 of the Lair of Beasts
 11805 | Lair:1   | Noticed a four-headed hydra
 11824 | Lair:1   | Killed a four-headed hydra
 11951 | Lair:1   | Noticed a four-headed hydra
 11973 | Lair:1   | Killed a four-headed hydra
 12107 | Lair:1   | Reached skill level 7 in Spellcasting
 12113 | Lair:1   | Learned a level 4 spell: Animate Dead
 12140 | Lair:1   | Reached skill level 5 in Dodging
 12140 | Lair:1   | Gained mutation: You heal very quickly. [Vine Stalker
                  | growth]
 12140 | Lair:1   | Reached XP level 12. HP: 50/63 MP: 18/23
 12592 | Lair:1   | Noticed Harold
 12897 | Lair:2   | Noticed a six-headed hydra
 12924 | Lair:2   | Killed a six-headed hydra
 13276 | Lair:2   | You fall into a shaft and drop 2 floors!
 13305 | Lair:3   | Got an iridescent dagger
 13306 | Lair:3   | Identified the +2 dagger of the Modern Violins {venom, rN+}
                  | (You found it on level 3 of the Lair of Beasts)
 13322 | Lair:3   | Noticed Fannar
 13340 | Lair:3   | Reached skill level 8 in Spellcasting
 13342 | Lair:3   | Killed Fannar
 13362 | Lair:3   | Learned a level 4 spell: Dispel Undead
 13853 | D:10     | Bought a runed demon blade for 504 gold pieces
 14037 | Lair:2   | Reached skill level 10 in Ice Magic
 14076 | Lair:2   | Learned a level 1 spell: Apportation
 14081 | Lair:2   | Noticed a seven-headed hydra
 14098 | Lair:2   | Killed a seven-headed hydra
 14099 | Lair:2   | Reached skill level 9 in Spellcasting
 14242 | Lair:2   | Found a staircase to the Snake Pit.
 14249 | Lair:2   | Reached skill level 1 in Long Blades
 14381 | Lair:2   | Found a staircase to the Swamp.
 14382 | Lair:2   | Noticed an eight-headed hydra
 14395 | Lair:2   | Killed an eight-headed hydra
 14595 | Lair:2   | Reached XP level 13. HP: 64/68 MP: 21/27
 15027 | Lair:3   | Reached skill level 10 in Spellcasting
 15034 | Lair:3   | Learned a level 5 spell: Borgnjor's Vile Clutch
 15254 | Lair:3   | Noticed Gastronok
 15278 | Lair:3   | Killed Gastronok
 15932 | Lair:4   | Reached skill level 11 in Spellcasting
 16162 | Lair:4   | Noticed Sonja
 16175 | Lair:4   | Killed Sonja
 16676 | Lair:4   | HP: 3/68 [poisoned by a black mamba]
 16681 | Lair:4   | HP: 3/68 [poisoned by a black mamba]
 16921 | Lair:5   | Found a staircase to the Slime Pits.
 16922 | Lair:5   | Found a viscous altar of Jiyva.
 17424 | Lair:5   | Reached skill level 5 in Long Blades
 17426 | Lair:5   | Reached skill level 12 in Spellcasting
 17925 | D:11     | Reached skill level 1 in Earth Magic
 18126 | D:11     | Killed Snorg
 18741 | D:12     | Identified a scroll of acquirement
 18742 | D:12     | Acquired a +0 pair of boots of running
 18810 | D:12     | Reached XP level 14. HP: 72/73 MP: 23/31
 19357 | D:12     | Reached skill level 1 in Armour
 19471 | D:12     | Found a staircase to the Orcish Mines.
 19492 | Orc:1    | Entered Level 1 of the Orcish Mines
 19496 | Orc:1    | Noticed Jorgrun
 20108 | D:12     | Reached **** piety under Kikubaaqudgha
 20797 | D:13     | Found a roughly hewn altar of Beogh.
 20830 | D:13     | Reached ***** piety under Kikubaaqudgha
 21021 | D:13     | Found a gate to the Vaults.
 21389 | D:13     | Learned a level 6 spell: Ozocubu's Refrigeration
 21628 | D:12     | Killed Jorgrun
 21996 | Orc:2    | Entered Level 2 of the Orcish Mines
 22026 | Orc:1    | Found Ynuxt's Weapon Shop.
 22577 | Orc:2    | Reached skill level 13 in Spellcasting
 23371 | Orc:2    | Reached XP level 15. HP: 78/78 MP: 33/33
 23545 | Orc:2    | Found Qaocis's Gadget Shop.
 23545 | Orc:2    | Found Yblideej's Jewellery Shop.
 23546 | Orc:2    | Found Lawallue's Distillery.
 23552 | Orc:2    | Found Zusabben's Magic Scroll Boutique.
 23857 | Orc:2    | Found a runed translucent door.
 23908 | Orc:2    | Found a staircase to the Elven Halls.
 24358 | Orc:2    | Found a roughly hewn altar of Beogh.
 24686 | Lair:6   | Entered Level 6 of the Lair of Beasts
 25959 | Lair:6   | Got a pair of polished gloves
 25965 | Lair:6   | Identified the +0 pair of gloves of the Bull {Regen+} (You
                  | found it on level 6 of the Lair of Beasts)
 26061 | Lair:6   | Reached ****** piety under Kikubaaqudgha
 26564 | Lair:6   | Reached skill level 10 in Necromancy
 26565 | Lair:6   | Identified a +7 demon blade of pain (a +5 vampiric demon
                  | blade bloodied by Kikubaaqudgha)
 26565 | Lair:6   | Received a gift from Kikubaaqudgha
 27216 | Lair:6   | Reached XP level 16. HP: 82/84 MP: 25/34
 27588 | Orc:2    | Bought the ring of Toabaedgh {*Slow rN+ Int+6 Dex+3 Slay+2}
                  | for 584 gold pieces
 28205 | D:14     | Found a transporter.
 28603 | D:14     | Found a bloodstained altar of Trog.
 28754 | D:14     | Got a crude cloak
 28760 | D:14     | Identified the +1 cloak of the Barnacle {*Slow rN+ Dex+2}
                  | (You found it on level 14 of the Dungeon)
 29045 | D:15     | Entered Level 15 of the Dungeon
 29101 | D:15     | Reached skill level 10 in Fighting
 29710 | D:15     | Found a sacrificial altar of Ru.
 29786 | D:15     | Found a staircase to the Depths.
 29791 | D:15     | Reached skill level 14 in Spellcasting
 30668 | Snake:1  | Entered Level 1 of the Snake Pit
 30984 | Snake:1  | Found a frozen archway.
 30994 | IceCv    | Entered an ice cave
 32118 | IceCv    | Slain by an ettin simulacrum

Illustrated notes

Levels and vault maps discovered:
D:1:      psy_arrival_whirlpool, layout_loops_ring
D:2:      layout_loops_cross, lemuel_crystal_altar, minmay_fractal_squares_5
D:3:      layout_rooms, nicolae_overflow_hidden_temple, uniq_natasha
D:4:      layout_loops_ring
D:5:      layout_rooms, minmay_temple_entry_hall, gammafunk_ghost_hive,
          chequers_serial_rivers_room_b, minmay_gold_behind_fungi,
          uniq_prince_ribbit1
D:6:      layout_cave_pools, nicolae_overflow_crystal_walls,
          gammafunk_temple_overflow_wave
D:7:      layout_cave_pools, basic_altar, serial_bayou_pond_e,
          uniq_crazy_yiuf_cottage, uniq_menkaure
D:8:      layout_basic, lemuel_doored_altar, kennysheep_little_box,
          minmay_lair_entry_grove, basic_altar, grunt_qazlal_clouds
D:9:      layout_basic, overflow_temple_1_default,
          lemuel_coloured_pillars_altar, lemuel_round_altar, special_room
          [special_room_bee]
D:10:     layout_small_grid, enter_trove_5, serial_shops, shop,
          kennysheep_mini_moat, shop, shop, kennysheep_mini, uniq_grum
D:11:     layout_roguey, uniq_snorg
D:12:     layout_big_octagon, david_orc_4, eino_house_with_fridge
D:13:     layout_rooms, ximxim_vaults_locker_room, special_room
          [special_room_orc]
D:14:     emtedronai_trogs_sanctum, layout_basic, basic_altar,
          minmay_crystal_water
D:15:     hangedman_depths_entry_try_elsewhere_first, layout_basic,
          nicolae_ru_awakened_eye
Temple:   minmay_temple_forest_path
Lair:1:   layout_gridlike, grunt_megastairs_2, uniq_harold
Lair:2:   layout_roguey, minmay_swamp_entry_reptiles,
          guppyfry_snake_entry_island, grunt_megastairs_5, lemuel_fruit_tree
Lair:3:   layout_hall_layers, chequers_serial_rivers_micro_b,
          beast_lair_carwin_2, minmay_lair_oklob_chamber, uniq_fannar,
          uniq_gastronok
Lair:4:   layout_loops_ring, grunt_megastairs_4, uniq_sonja
Lair:5:   layout_regular_city, slime_altar_1
Lair:6:   hangedman_lair_caniforms_friends, layout_regular_city,
          hangedman_lair_tendril_chambers, gammafunk_lair_bear_cave
Snake:1:  layout_grid_shapes, portal_ice_cave_entry_pillars_three
Orc:1:    layout_caves, serial_shops, shop, nicolae_orc_flooded_monolith,
          uniq_jorgrun
Orc:2:    st_orc_mages, layout_diamond_mine, lightli_church_of_beogh
IceCv:    ice_cave_caverns_01

Skill      XL: |  1  2  3  4  5  6  7  8  9 10 11 12 13 14 15 16 |
---------------+-------------------------------------------------+-----
Fighting       | 1 2 3 4 5 6 7 8 9 10 | 10.4
Spellcasting   | 3 4 7 9 12 13 14 | 14.2
Ice Magic      | 5 6 7 8 9 10 12 13 | 13.5
Hexes          | 1 3 5 |  5.0
Translocations | 1 3 4 |  4.0
Shields        | 4 |  4.3
Necromancy     | 4 5 7 8 10 11 | 11.8
Dodging        | 2 3 5 6 7 8 |  8.7
Conjurations   | 3 |  3.0
Air Magic      | 3 |  3.0
Poison Magic   | 3 |  3.0
Long Blades    | 1 6 8 |  8.0
Earth Magic    | 2 |  2.0
Armour         | 3 |  3.0
Stealth        | |  2.4

Action                   |  1- 3 |  4- 6 |  7- 9 | 10-12 | 13-15 | 16-18 || total
-------------------------+-------+-------+-------+-------+-------+-------++-------
Melee: Unarmed           |     2 |       |       |       |       |       ||     2
       Mace              |    22 |   101 |   149 |   237 |       |       ||   509
       Whip              |     9 |       |       |       |       |       ||     9
       Bite              |     4 |    19 |    47 |   118 |   283 |    91 ||   562
       Falchion          |       |       |    13 |       |       |       ||    13
       Demon blade       |       |       |       |    68 |   853 |   210 ||  1131
       Dagger            |       |       |       |    40 |       |       ||    40
Throw: Stone             |     1 |     5 |     4 |       |       |       ||    10
       Boomerang         |       |       |    11 |    37 |     3 |       ||    51
       Dart              |       |       |       |       |    18 |     1 ||    19
 Cast: Freeze            |    31 |       |     2 |     6 |       |       ||    39
       Frozen Ramparts   |     5 |    15 |    35 |    82 |   104 |    16 ||   257
       Ozocubu's Armour  |     1 |     3 |    25 |    31 |    34 |     5 ||    99
       Tukima's Dance    |       |       |       |     7 |     8 |       ||    15
       Blink             |       |       |       |     3 |     3 |       ||     6
       Mephitic Cloud    |       |       |       |     2 |     3 |       ||     5
       Animate Dead      |       |       |       |     5 |     9 |       ||    14
       Dispel Undead     |       |       |       |       |    34 |    56 ||    90
       Borgnjor's Vile C |       |       |       |       |     5 |       ||     5
       Ozocubu's Refrige |       |       |       |       |    67 |    23 ||    90
       Sublimation of Bl |       |       |       |       |     2 |       ||     2
       Apportation       |       |       |       |       |       |     1 ||     1
Invok: Receive Corpses   |       |       |       |     4 |     8 |     1 ||    13
       Brand Weapon With |       |       |       |       |     1 |       ||     1
Evoke: Wand              |       |       |     6 |    29 |     7 |     5 ||    47
       Tin of tremorston |       |       |       |     2 |     3 |     3 ||     8
       Box of beasts     |       |       |       |       |     3 |       ||     3
       Phantom mirror    |       |       |       |       |       |     1 ||     1
  Use: Potion            |     2 |       |       |     2 |       |     1 ||     5
       Scroll            |       |     5 |     7 |    11 |    21 |     3 ||    47
 Stab: Sleeping          |     1 |     3 |     4 |     3 |     1 |     3 ||    15
       Distracted        |       |       |       |     1 |     2 |       ||     3
       Confused          |       |       |       |     1 |     1 |       ||     2
Armor: Robe              |    15 |    32 |    56 |    81 |    51 |       ||   235
       Skin              |       |       |       |     8 |       |       ||     8
       Troll leather arm |       |       |       |       |   138 |    17 ||   155
       Ring mail         |       |       |       |       |       |    40 ||    40
Dodge: Dodged            |    33 |    78 |   150 |   315 |   534 |   167 ||  1277
Block: Buckler           |       |       |    29 |   164 |   268 |    82 ||   543
       Rpst.: Falchion   |       |       |     1 |       |       |       ||     1
       Demon blade       |       |       |       |    15 |   151 |    40 ||   206

Table legend: (Time is in decaauts)
 A = Elapsed time spent in this place.
 B = Non-inter-level travel time spent in this place.
 C = Inter-level travel time spent in this place.
 D = Time resting spent in this place.
 E = Time spent auto-exploring this place.
 F = Levels seen in this place.
 G = Mean time per level.
                   A        B        C        D        E       F      G
               +--------+--------+--------+--------+--------+-----+--------+
         Total |  31807 |  29660 |   2147 |   4539 |  18780 |  27 | 1178.0 |
       Dungeon |  18649 |  17247 |   1402 |   2705 |  10869 |  15 | 1243.3 |
        Temple |    330 |    289 |     41 |      0 |    288 |   1 |  330.0 |
          Lair |   8577 |   8112 |    465 |    925 |   5450 |   6 | 1429.5 |
     Snake Pit |    313 |    313 |      0 |     14 |    235 |   1 |  313.0 |
  Orcish Mines |   2658 |   2422 |    236 |    458 |   1345 |   2 | 1329.0 |
         Trove |    164 |    164 |      0 |      0 |    135 |   1 |  164.0 |
      Ice Cave |   1114 |   1114 |      0 |    436 |    457 |   1 | 1114.0 |
               +--------+--------+--------+--------+--------+-----+--------+

Top non-repeatable levels by time:
  Lair:6: 2438 daAuts
   Orc:2: 2021 daAuts
    D:12: 1943 daAuts
     D:9: 1735 daAuts
     D:7: 1472 daAuts
  Lair:2: 1446 daAuts
  Lair:1: 1433 daAuts
     D:1: 1425 daAuts
    D:15: 1338 daAuts
    D:13: 1316 daAuts
    D:11: 1298 daAuts
     D:2: 1294 daAuts
    D:10: 1274 daAuts
    D:14: 1236 daAuts
  Lair:4: 1224 daAuts
